[Event "Djerba Festival Open-B 2025"]
[Site "Djerba"]
[Date "2025.02.18"]
[Round "3.16"]
[White "Le Dore, Yann"]
[Black "Mallah, Abderrahmane"]
[Result "1/2-1/2"]
[Annotator "NA"]
[ECO "B13"]
[WhiteElo "1846"]
[BlackElo "1556"]
[PlyCount "78"]
[EventDate "2025.02.15"]
[EventType "swiss"]
[EventCountry "TUN"]
[SourceTitle "playchess.com"]
[Source "ChessBase"]
[SourceQuality "1"]
[TimeControl "5400+30"]

1. e4 c6 2. d4 d5 3. exd5 cxd5 4. Bd3 Nf6 5. h3 Nc6 6. c3 g6 7. Nf3 Bf5 8. O-O Bxd3 9. Qxd3 Bg7 10. Bf4 O-O 11. Nbd2 Re8 12. Rfe1 e6 13. Ne5 Rc8 14. a4 Nd7 15. Ndf3 Ncxe5 16. Nxe5 Nxe5 17. Bxe5 Bxe5 18. dxe5 Qb6 19. Re2 Red8 20. a5 Qc5 21. Ra4 b5 22. axb6 axb6 23. Rh4 Qe7 24. Rb4 Qc5 25. g3 Rb8 26. Kg2 Qc6 27. Kg1 Ra8 28. Re1 Ra2 29. Qd4 b5 30. Qd3 Rb8 31. Rd1 Ra4 32. Qd4 Rxb4 33. Qxb4 Qc4 34. Rd4 Qxb4 35. Rxb4 Kf8 36. f4 h5 37. Kf2 Ke7 38. Ke3 Kd7 39. Kd4 Kc6 1/2-1/2

[Event "Djerba Festival Open-B 2025"]
[Site "Djerba"]
[Date "2025.02.18"]
[Round "3.17"]
[White "Azreug, Lazhar"]
[Black "Chatard, Patrice"]
[Result "1-0"]
[Annotator "NA"]
[ECO "B13"]
[WhiteElo "1793"]
[BlackElo "1626"]
[PlyCount "109"]
[EventDate "2025.02.15"]
[EventType "swiss"]
[EventCountry "TUN"]
[SourceTitle "playchess.com"]
[Source "ChessBase"]
[SourceQuality "1"]
[TimeControl "5400+30"]

1. e4 c6 2. d4 d5 3. exd5 cxd5 4. Bd3 Nc6 5. c3 e5 6. dxe5 Nxe5 7. Bb5+ Nc6 8. Nf3 Nf6 9. O-O Be7 10. Ne5 Qc7 11. Re1 O-O 12. Nxc6 bxc6 13. Bxc6 Qxc6 14. Rxe7 Be6 15. Qd4 Qb6 16. Qxb6 axb6 17. Rb7 Rfb8 18. Rxb8+ Rxb8 19. Nd2 Re8 20. f3 Bd7 21. Nb3 h6 22. Kf2 g5 23. Be3 b5 24. Rd1 Kg7 25. Nc5 Bc8 26. Bd4 Kg6 27. Bxf6 Kxf6 28. Rxd5 Kg7 29. Ne4 Be6 30. Rxb5 Bxa2 31. Nd6 Re6 32. Nf5+ Kg6 33. Nd4 Ra6 34. b4 Bc4 35. Ra5 Rb6 36. Rc5 Bd3 37. Ke3 Bf1 38. Kf2 Bd3 39. Rc6+ Rxc6 40. Nxc6 f6 41. Ke3 Bf1 42. g3 Kf7 43. Ke4 g4 44. Nd4 gxf3 45. Kxf3 Bc4 46. Kf4 h5 47. Nf5 Kf8 48. h4 Bd3 49. Ne3 Ke7 50. Nd5+ Ke6 51. Ke3 Bc4 52. Nf4+ Kf5 53. Nxh5 Kg4 54. Nxf6+ Kxg3 55. h5 1-0

[Event "Djerba Festival Open-B 2025"]
[Site "Djerba"]
[Date "2025.02.18"]
[Round "3.18"]
[White "Chaouech, Oussama"]
[Black "Ben Youssef, Chedly"]
[Result "1-0"]
[Annotator "NA"]
[ECO "D07"]
[WhiteElo "1651"]
[BlackElo "1787"]
[PlyCount "146"]
[EventDate "2025.02.15"]
[EventType "swiss"]
[EventCountry "TUN"]
[SourceTitle "playchess.com"]
[Source "ChessBase"]
[SourceQuality "1"]
[TimeControl "5400+30"]

1. d4 d5 2. c4 Nf6 3. Nc3 Bf5 4. e3 e6 5. Nf3 Nc6 6. Be2 Be7 7. a3 O-O 8. O-O a6 9. cxd5 exd5 10. b4 b5 11. Bb2 Bd6 12. Rc1 Ne7 13. Ne5 Rc8 14. Bd3 Bxd3 15. Qxd3 Nd7 16. Ne2 c6 17. Ng3 f6 18. Nf3 Nb6 19. Rc2 Qd7 20. Re1 Nc4 21. Bc1 f5 22. Nh5 Ng6 23. Nf4 Rfe8 24. Nxg6 hxg6 25. Ng5 Be7 26. Nf3 Bf6 27. g3 Kf7 28. Kg2 Rh8 29. Rh1 Rh5 30. Ng1 Rch8 31. f3 Qe6 32. Re2 Re8 33. Nh3 g5 34. Nf2 Nd6 35. Rhe1 Reh8 36. Rh1 g6 37. e4 fxe4 38. fxe4 dxe4 39. Nxe4 Qd5 40. Qf3 Nf5 41. Kf1 Rh3 42. Rg1 Kg7 43. Nxg5 Qxf3+ 44. Nxf3 Nxd4 45. Nxd4 Bxd4 46. Rgg2 Rf8+ 47. Ke1 Rh5 48. Re6 Rc8 49. Bb2 Kf7 50. Rd6 Bxb2 51. Rxb2 Re5+ 52. Re2 Rce8 53. Rxe5 Rxe5+ 54. Kf2 Re6 55. Rd7+ Kf6 56. Ra7 Ke5 57. Rxa6 Kd4 58. Kf3 Kd5 59. Kf4 Re2 60. h4 Re6 61. Ra7 Rd6 62. Kg5 Kc4 63. g4 Kb3 64. h5 gxh5 65. Kxh5 c5 66. bxc5 Rd5+ 67. g5 Rxc5 68. Kh6 Rc2 69. g6 Rh2+ 70. Kg5 Rg2+ 71. Kf6 Rf2+ 72. Ke7 Re2+ 73. Kf8 Re3 1-0

[Event "Djerba Festival Open-B 2025"]
[Site "Djerba"]
[Date "2025.02.18"]
[Round "3.19"]
[White "Sazlik, Mucahit"]
[Black "Marceil, Jean"]
[Result "0-1"]
[Annotator "NA"]
[ECO "C02"]
[WhiteElo "1672"]
[BlackElo "1901"]
[PlyCount "50"]
[EventDate "2025.02.15"]
[EventType "swiss"]
[EventCountry "TUN"]
[SourceTitle "playchess.com"]
[Source "ChessBase"]
[SourceQuality "1"]
[TimeControl "5400+30"]

1. e4 e6 2. d4 d5 3. e5 c5 4. c3 Nc6 5. Nf3 Bd7 6. Bd3 Qb6 7. Bc2 cxd4 8. cxd4 Nb4 9. Nc3 Nxc2+ 10. Qxc2 Rc8 11. O-O Ne7 12. Rd1 Nf5 13. g4 Ne7 14. Be3 h5 15. g5 Nf5 16. h4 Bb4 17. Rab1 Qa6 18. Bd2 Bb5 19. Re1 Bd3 20. Qb3 Bxc3 21. Bxc3 Bxb1 22. Rxb1 Qd3 23. Nd2 Nxh4 24. Qxb7 O-O 25. Rc1 Qh3 0-1

[Event "Djerba Festival Open-B 2025"]
[Site "Djerba"]
[Date "2025.02.18"]
[Round "3.20"]
[White "Baba, Jihed"]
[Black "Ajbara Jamal"]
[Result "0-1"]
[Annotator "NA"]
[ECO "B44"]
[WhiteElo "1669"]
[BlackElo "1898"]
[PlyCount "74"]
[EventDate "2025.02.15"]
[EventType "swiss"]
[EventCountry "TUN"]
[SourceTitle "playchess.com"]
[Source "ChessBase"]
[SourceQuality "1"]
[TimeControl "5400+30"]

1. e4 c5 2. Nf3 e6 3. d4 cxd4 4. Nxd4 Nc6 5. Nb5 Nf6 6. Bf4 e5 7. Bg5 Qa5+ 8. Qd2 Bb4 9. c3 Be7 10. Bxf6 gxf6 11. N1a3 O-O 12. Nd6 Qc7 13. Nf5 Rd8 14. Nb5 Qb6 15. Qh6 Bf8 16. Qxf6 d5 17. exd5 Bxf5 18. Qxf5 Ne7 19. Qg5+ Ng6 20. h4 Be7 21. Qg3 Kh8 22. O-O-O a6 23. h5 Nf4 24. d6 axb5 25. dxe7 Rxd1+ 26. Kxd1 Qd6+ 27. Kc2 Qxe7 28. a3 Qd7 29. Qe3 f6 30. g3 Nd5 31. Qd3 Qc6 32. Rg1 Qc5 33. Qf3 b4 34. Bg2 e4 35. Qe2 bxc3 36. Bxe4 cxb2+ 37. Kb1 Nc3+ 0-1

[Event "Djerba Festival Open-B 2025"]
[Site "Djerba"]
[Date "2025.02.18"]
[Round "3.21"]
[White "Guinet, Andy"]
[Black "MEZGOURI NOUREDDINE"]
[Result "1/2-1/2"]
[Annotator "NA"]
[ECO "A01"]
[WhiteElo "1665"]
[BlackElo "1891"]
[PlyCount "50"]
[EventDate "2025.02.15"]
[EventType "swiss"]
[EventCountry "TUN"]
[SourceTitle "playchess.com"]
[Source "ChessBase"]
[SourceQuality "1"]
[TimeControl "5400+30"]

1. b3 Nf6 2. Bb2 d5 3. e3 Nc6 4. c4 d4 5. exd4 Nxd4 6. Nf3 c5 7. d3 Bg4 8. Nbd2 e6 9. Be2 Nxe2 10. Qxe2 Be7 11. O-O O-O 12. Qe3 Bf5 13. d4 Ng4 14. Qe2 Bf6 15. Ne5 Nxe5 16. dxe5 Bd3 17. Qg4 Bg5 18. Rfd1 Bc2 19. Ne4 Bxd1 20. Rxd1 Qa5 21. Qxg5 Qxa2 22. Nf6+ Kh8 23. Nh5 Rg8 24. Nxg7 Rxg7 25. Rd8+ Rxd8 1/2-1/2

[Event "Djerba Festival Open-B 2025"]
[Site "Djerba"]
[Date "2025.02.18"]
[Round "3.23"]
[White "Minde, Timothe"]
[Black "Dubourg, Bruno"]
[Result "1-0"]
[Annotator "NA"]
[ECO "B07"]
[WhiteElo "1879"]
[BlackElo "1661"]
[PlyCount "113"]
[EventDate "2025.02.15"]
[EventType "swiss"]
[EventCountry "TUN"]
[SourceTitle "playchess.com"]
[Source "ChessBase"]
[SourceQuality "1"]
[TimeControl "5400+30"]

1. e4 g6 2. d4 Bg7 3. Nc3 d6 4. Be3 Nf6 5. f3 a6 6. Qd2 b5 7. Bh6 Bxh6 8. Qxh6 Nbd7 9. O-O-O e5 10. Nge2 Bb7 11. dxe5 Nxe5 12. Nf4 Qe7 13. Nfd5 Bxd5 14. Nxd5 Nxd5 15. exd5 O-O-O 16. Qd2 Kb7 17. a4 c6 18. dxc6+ Nxc6 19. axb5 axb5 20. Bxb5 Ra8 21. Kb1 Qe6 22. Qd5 Qxd5 23. Rxd5 Kc7 24. Bxc6 Kxc6 25. Rhd1 Rhd8 26. c4 Ra4 27. c5 Rda8 28. cxd6 Kd7 29. Rc5 Ra1+ 30. Kc2 Rxd1 31. Kxd1 Kxd6 32. Rc3 Rb8 33. b3 f5 34. Kc2 h5 35. Rc4 Re8 36. Kd3 Kd5 37. b4 g5 38. Rc5+ Ke6 39. Rc6+ Ke5 40. Rc5+ Ke6 41. b5 g4 42. b6 h4 43. fxg4 fxg4 44. b7 Rb8 45. Rb5 g3 46. hxg3 hxg3 47. Ke4 Kd6 48. Kf3 Kc6 49. Rb1 Rxb7 50. Rxb7 Kxb7 51. Kxg3 Kc7 52. Kf4 Kd7 53. Kf5 Ke7 54. Kg6 Kf8 55. g4 Kg8 56. g5 Kh8 57. Kf7 1-0

[Event "Djerba Festival Open-B 2025"]
[Site "Djerba"]
[Date "2025.02.18"]
[Round "3.24"]
[White "Benzarti, Thabet"]
[Black "Perrusset, Barbara"]
[Result "0-1"]
[Annotator "NA"]
[ECO "D46"]
[WhiteElo "1664"]
[BlackElo "1869"]
[PlyCount "52"]
[EventDate "2025.02.15"]
[EventType "swiss"]
[EventCountry "TUN"]
[SourceTitle "playchess.com"]
[Source "ChessBase"]
[SourceQuality "1"]
[TimeControl "5400+30"]

1. d4 d5 2. c4 e6 3. Nc3 Nf6 4. Nf3 c6 5. e3 Bd6 6. Qc2 Nbd7 7. Bd3 e5 8. dxe5 Nxe5 9. Nxe5 Bxe5 10. cxd5 Nxd5 11. Nxd5 Qxd5 12. O-O Bc7 13. e4 Qh5 14. f4 Bb6+ 15. Kh1 Bg4 16. Bd2 O-O-O 17. Rae1 Rd6 18. Be3 Rh6 19. g3 Ba5 20. Rc1 Rd8 21. Bc4 Rd2 22. Rf2 Bf3+ 23. Kg1 Rxc2 24. Rcxc2 Bxe4 25. Rc1 Qh3 26. Bf1 Qxg3+ 0-1

[Event "Djerba Festival Open-B 2025"]
[Site "Djerba"]
[Date "2025.02.18"]
[Round "3.25"]
[White "Falezan, Arnaud"]
[Black "Garcia Matos, Richard Alejandro"]
[Result "1-0"]
[Annotator "ChessBase"]
[ECO "B01"]
[WhiteElo "1662"]
[BlackElo "2300"]
[PlyCount "59"]
[EventDate "2025.02.15"]
[EventType "swiss"]
[EventCountry "TUN"]
[SourceTitle "playchess.com"]
[Source "ChessBase"]
[SourceQuality "1"]
[TimeControl "5400+30"]

1. e4 d5 2. exd5 Qxd5 3. Nc3 Qa5 4. d4 Nf6 5. Bd2 Bg4 6. f3 Bh5 7. h4 h6 8. Bd3 c6 9. g4 Bg6 10. Bxg6 fxg6 11. Qe2 Nbd7 12. Qe6 O-O-O 13. Nge2 Qb4 14. O-O-O Qd6 15. Nf4 Kb8 16. Rhe1 Nb6 17. Nxg6 Qxe6 18. Rxe6 Rg8 19. Nxf8 Rgxf8 20. Rxe7 Rxd4 21. Rxg7 Nfd5 22. Nxd5 Nxd5 23. Bxh6 Rxd1+ 24. Kxd1 Rxf3 25. h5 Rh3 26. Bg5 a6 27. h6 Ka7 28. h7 Rh2 29. c4 Rh1+ 30. Ke2 1-0

[Event "Djerba Festival Open-B 2025"]
[Site "Djerba"]
[Date "2025.02.18"]
[Round "3.26"]
[White "Baroukh, Pau"]
[Black "Skhiri Youssef"]
[Result "0-1"]
[Annotator "NA"]
[ECO "E94"]
[WhiteElo "1649"]
[BlackElo "1808"]
[PlyCount "54"]
[EventDate "2025.02.15"]
[EventType "swiss"]
[EventCountry "TUN"]
[SourceTitle "playchess.com"]
[Source "ChessBase"]
[SourceQuality "1"]
[TimeControl "5400+30"]

1. Nf3 Nf6 2. c4 g6 3. d4 Bg7 4. Nc3 O-O 5. e4 d6 6. Be2 e5 7. d5 a5 8. O-O Nbd7 9. Bg5 h6 10. Bh4 g5 11. Bg3 Nc5 12. Qc2 Nh5 13. a3 a4 14. Ne1 Nb3 15. Rd1 Nd4 16. Qd3 g4 17. Nc2 f5 18. h3 fxe4 19. Nxe4 Nxg3 20. Nxg3 gxh3 21. Nxd4 exd4 22. Qe4 hxg2 23. Bd3 gxf1=Q+ 24. Rxf1 Qg5 25. Kh2 Rf4 26. Qe8+ Bf8 27. Kg2 Bh3+ 0-1

[Event "Djerba Festival Open-B 2025"]
[Site "Djerba"]
[Date "2025.02.18"]
[Round "3.27"]
[White "Nahom, Perez"]
[Black "Badya, Vasily"]
[Result "1-0"]
[Annotator "NA"]
[ECO "E90"]
[WhiteElo "1641"]
[BlackElo "1765"]
[PlyCount "101"]
[EventDate "2025.02.15"]
[EventType "swiss"]
[EventCountry "TUN"]
[SourceTitle "playchess.com"]
[Source "ChessBase"]
[SourceQuality "1"]
[TimeControl "5400+30"]

1. d4 Nf6 2. Nf3 g6 3. c4 Bg7 4. Nc3 d6 5. e4 O-O 6. Bd3 Bg4 7. h3 Bxf3 8. Qxf3 Nc6 9. Be3 Nb4 10. Bb1 Nd7 11. a3 Nc6 12. Qd1 e5 13. d5 Nd4 14. Ne2 Nc5 15. Nxd4 exd4 16. Bc1 Nxe4 17. O-O Re8 18. Re1 Qh4 19. Bxe4 Rxe4 20. Rxe4 Qxe4 21. b3 c5 22. Ra2 Re8 23. Kf1 h5 24. Re2 Qxe2+ 25. Qxe2 Rxe2 26. Kxe2 Kf8 27. Kd3 Ke7 28. Bd2 Kf6 29. Bf4 Bf8 30. b4 b6 31. g4 Ke7 32. Ke4 Bg7 33. b5 Be5 34. Bd2 Kf8 35. a4 Kg7 36. a5 Kh7 37. axb6 axb6 38. Ba5 f5+ 39. gxf5 gxf5+ 40. Kd3 bxa5 41. b6 Kg6 42. b7 Kg5 43. b8=Q Kh4 44. Qe8 a4 45. Qxa4 Kxh3 46. Qd7 Kg4 47. Ke2 h4 48. Qh7 f4 49. Qg6+ Kh3 50. Kf3 d3 51. Qg2# 1-0

[Event "Djerba Festival Open-B 2025"]
[Site "Djerba"]
[Date "2025.02.18"]
[Round "3.28"]
[White "Badrakova, Kseniya"]
[Black "Alouani, Ahmed"]
[Result "1/2-1/2"]
[Annotator "NA"]
[ECO "B12"]
[WhiteElo "1757"]
[BlackElo "1617"]
[PlyCount "83"]
[EventDate "2025.02.15"]
[EventType "swiss"]
[EventCountry "TUN"]
[SourceTitle "playchess.com"]
[Source "ChessBase"]
[SourceQuality "1"]
[TimeControl "5400+30"]

1. e4 c6 2. d4 d5 3. e5 Bf5 4. h4 h6 5. g4 Be4 6. f3 Bh7 7. Bd3 Bxd3 8. Qxd3 e6 9. f4 c5 10. dxc5 Qa5+ 11. c3 Qxc5 12. Be3 Qc7 13. Nf3 Nc6 14. Nbd2 h5 15. Ng5 Nh6 16. gxh5 Nf5 17. Bf2 Rxh5 18. Nb3 O-O-O 19. Nd4 Ncxd4 20. cxd4 Kb8 21. Ke2 Qd7 22. Rac1 f6 23. Nf3 Be7 24. Rhg1 Rhh8 25. Qb3 Rc8 26. Rc3 Rxc3 27. bxc3 Rc8 28. Rb1 Qc6 29. Kd2 b6 30. a4 Qc4 31. Qxc4 Rxc4 32. a5 Kb7 33. axb6 axb6 34. Kd3 Rc8 35. Re1 Rc6 36. Rc1 b5 37. Rb1 Kb6 38. Be1 Rc8 39. Bf2 Kc6 40. Ra1 Kb7 41. Rb1 Kb6 42. Re1 1/2-1/2

[Event "Djerba Festival Open-B 2025"]
[Site "Djerba"]
[Date "2025.02.18"]
[Round "4.1"]
[White "Algadari, Mahmod"]
[Black "Lebret, Jean-Michel"]
[Result "0-1"]
[Annotator "ChessBase"]
[ECO "D32"]
[WhiteElo "1909"]
[BlackElo "1995"]
[PlyCount "122"]
[EventDate "2025.02.15"]
[EventType "swiss"]
[EventCountry "TUN"]
[SourceTitle "playchess.com"]
[Source "ChessBase"]
[SourceQuality "1"]
[TimeControl "5400+30"]

1. d4 d5 2. c4 e6 3. Nc3 c5 4. cxd5 exd5 5. e3 Nf6 6. Nf3 Nc6 7. Bb5 Be7 8. Ne5 Bd7 9. Nxd7 Qxd7 10. dxc5 Bxc5 11. O-O O-O 12. Qf3 Qe6 13. Bxc6 bxc6 14. b3 Bd6 15. Bb2 Ng4 16. g3 f5 17. Ne2 Qh6 18. Qg2 Be5 19. Bxe5 Nxe5 20. Rfd1 Qd6 21. Rac1 Rac8 22. Nd4 g6 23. Rc2 Rfd8 24. Rcd2 Ng4 25. h3 Nf6 26. Rc2 Ne4 27. Rdc1 c5 28. Nb5 Qb6 29. Nc3 Nxc3 30. Rxc3 Qa5 31. R1c2 Rd6 32. Qf3 Qb4 33. h4 Kg7 34. h5 a5 35. Rd3 Rcd8 36. hxg6 hxg6 37. Rdc3 d4 38. exd4 cxd4 39. Rc7+ Kf6 40. Qd3 Qe1+ 41. Qf1 Qe4 42. Re2 Qf3 43. Ree7 Rh8 44. Rf7+ Kg5 45. Rh7 Rxh7 46. Rxh7 Qg4 47. Qe1 Qe4 48. Qc1+ f4 49. Qc5+ Rd5 50. Qf8 fxg3 51. Qh6+ Kf5 52. Rf7+ Ke6 53. Qf8 gxf2+ 54. Rxf2 Qe1+ 55. Kh2 Rh5+ 56. Kg3 Qg1+ 57. Rg2 Qe3+ 58. Kg4 Qh3+ 59. Kf4 Rf5+ 60. Qxf5+ Qxf5+ 61. Kg3 Ke5 0-1

[Event "Djerba Festival Open-B 2025"]
[Site "Djerba"]
[Date "2025.02.18"]
[Round "4.2"]
[White "Rafik yassine"]
[Black "Dejardin, Gregoire"]
[Result "*"]
[Annotator "NA"]
[ECO "E08"]
[WhiteElo "1909"]
[BlackElo "1932"]
[PlyCount "79"]
[EventDate "2025.02.15"]
[EventType "swiss"]
[EventCountry "TUN"]
[SourceTitle "playchess.com"]
[Source "ChessBase"]
[SourceQuality "1"]
[TimeControl "5400+30"]

1. c4 c6 2. g3 Nf6 3. Bg2 d5 4. Nf3 e6 5. b3 Be7 6. Bb2 O-O 7. O-O Nbd7 8. Qc2 b6 9. d4 Bb7 10. Nc3 dxc4 11. bxc4 c5 12. d5 exd5 13. cxd5 Ne8 14. e4 f6 15. Rfd1 Nd6 16. Ne2 Re8 17. Nf4 Nf8 18. e5 fxe5 19. Nxe5 Bf6 20. Nc6 Qc7 21. Bxf6 gxf6 22. Nh5 Qf7 23. Bf3 Nd7 24. Nf4 Ne5 25. Bh5 Qd7 26. Bxe8 Rxe8 27. Nxe5 fxe5 28. Ne6 Bxd5 29. Rxd5 Qxe6 30. Rad1 Nb5 31. Rd7 e4 32. R1d5 Nd4 33. Qd1 Qh3 34. Rg5+ Kf8 35. Rxd4 cxd4 36. Qxd4 Qh6 37. Qh8+ Kf7 38. Rf5+ Qf6 39. Rg5 Qd6 40. Qg8+ *

[Event "Djerba Festival Open-B 2025"]
[Site "Djerba"]
[Date "2025.02.18"]
[Round "4.3"]
[White "Kole, Arda"]
[Black "Zouaghi, Ahmed"]
[Result "1/2-1/2"]
[Annotator "NA"]
[ECO "B36"]
[WhiteElo "1848"]
[BlackElo "1919"]
[PlyCount "89"]
[EventDate "2025.02.15"]
[EventType "swiss"]
[EventCountry "TUN"]
[SourceTitle "playchess.com"]
[Source "ChessBase"]
[SourceQuality "1"]
[TimeControl "5400+30"]

1. e4 c5 2. Nf3 g6 3. d4 cxd4 4. Nxd4 Nc6 5. c4 Nf6 6. Nc3 Nxd4 7. Qxd4 d6 8. Be3 Bg7 9. Be2 O-O 10. Qd2 a5 11. f3 a4 12. O-O Qa5 13. Bd4 Be6 14. b3 axb3 15. axb3 Qb4 16. Qb2 Rfc8 17. Na2 Qa3 18. Qc2 Nd7 19. Bxg7 Qc5+ 20. Kh1 Kxg7 21. Nc3 Kg8 22. Rad1 Nf6 23. f4 b5 24. f5 Bd7 25. Qb1 b4 26. Nd5 Nxd5 27. Rxd5 Qe3 28. Bf3 Bc6 29. Rd3 Qc5 30. Qb2 Qe5 31. Qxe5 dxe5 32. g4 Ra3 33. Rfd1 Kg7 34. Kg2 Kf6 35. h4 gxf5 36. gxf5 Rg8+ 37. Kh3 Rga8 38. R1d2 Ra1 39. Re3 Rb1 40. Rdd3 Ra3 41. Kg3 Rb2 42. Kh3 Rb1 43. Kg3 Rg1+ 44. Kh2 Rb1 45. Kh3 1/2-1/2

[Event "Djerba Festival Open-B 2025"]
[Site "Djerba"]
[Date "2025.02.18"]
[Round "4.4"]
[White "Charfeddine, Akram"]
[Black "Zenaidi, Sadok"]
[Result "0-1"]
[Annotator "NA"]
[ECO "B13"]
[WhiteElo "1915"]
[BlackElo "1872"]
[PlyCount "148"]
[EventDate "2025.02.15"]
[EventType "swiss"]
[EventCountry "TUN"]
[SourceTitle "playchess.com"]
[Source "ChessBase"]
[SourceQuality "1"]
[TimeControl "5400+30"]

1. e4 c6 2. d4 d5 3. exd5 cxd5 4. Bd3 Nc6 5. c3 Nf6 6. h3 Qc7 7. Nf3 g6 8. Qc2 a6 9. O-O Bg7 10. Re1 O-O 11. Ne5 Re8 12. Bf4 Nxe5 13. Bxe5 Qc6 14. a4 Nh5 15. Qd2 Bxe5 16. dxe5 Bd7 17. Qe3 Ng7 18. Nd2 Bf5 19. Nf3 Bxd3 20. Qxd3 Ne6 21. Nd4 Nxd4 22. Qxd4 e6 23. Qf4 Qb6 24. b4 Rac8 25. Re3 Rc4 26. Qh6 Rec8 27. Ra3 a5 28. Rf3 Qc7 29. Re3 axb4 30. cxb4 Rxb4 31. f4 Qc1+ 32. Kh2 Rb1 33. Kg3 Rb2 34. Qg5 Qg1 35. Kh4 Rxg2 36. Rg3 Rxg3 37. Rxg3 Qb6 38. Qf6 Qd8 39. Rb3 Qxf6+ 40. exf6 h6 41. Rxb7 Rc4 42. Rb8+ Kh7 43. Kg3 g5 44. fxg5 hxg5 45. a5 Kg6 46. a6 Ra4 47. Ra8 Kxf6 48. a7 d4 49. Rd8 Rxa7 50. Rxd4 Ra3+ 51. Kg2 Kf5 52. h4 gxh4 53. Rxh4 Ke5 54. Rb4 f5 55. Kf2 Rd3 56. Ke2 Rd4 57. Rb6 f4 58. Kf3 Rd3+ 59. Ke2 Re3+ 60. Kf2 Kf5 61. Rb8 e5 62. Kg2 Rd3 63. Kf2 Ke4 64. Rb4+ Rd4 65. Rb3 Rd2+ 66. Ke1 Ra2 67. Rb4+ Kf5 68. Rb5 f3 69. Kf1 Kf4 70. Rb8 e4 71. Kg1 Rd2 72. Rb1 e3 73. Kh1 e2 74. Kh2 e1=Q+ 0-1

[Event "Djerba Festival Open-B 2025"]
[Site "Djerba"]
[Date "2025.02.18"]
[Round "4.5"]
[White "Guirat, Saber"]
[Black "Louvrier Saint-Mary, Jean-Roger"]
[Result "1-0"]
[Annotator "NA"]
[ECO "B42"]
[WhiteElo "1956"]
[BlackElo "1839"]
[PlyCount "61"]
[EventDate "2025.02.15"]
[EventType "swiss"]
[EventCountry "TUN"]
[SourceTitle "playchess.com"]
[Source "ChessBase"]
[SourceQuality "1"]
[TimeControl "5400+30"]

1. e4 c5 2. Nf3 a6 3. d4 cxd4 4. Nxd4 e6 5. Bd3 Qc7 6. O-O h5 7. Qe2 Bd6 8. f4 Nf6 9. c3 Bc5 10. e5 Nd5 11. Kh1 b5 12. Nd2 Bb7 13. Ne4 Be7 14. a4 Nc6 15. axb5 Nxd4 16. cxd4 axb5 17. Rxa8+ Bxa8 18. Bd2 Qb6 19. f5 Qxd4 20. fxe6 fxe6 21. Nd6+ Bxd6 22. Bg6+ Kd8 23. exd6 Bc6 24. Qxh5 Rg8 25. Qh7 Kc8 26. Qxg8+ Kb7 27. Ra1 Nb6 28. Qd8 Bxg2+ 29. Kxg2 Qxd2+ 30. Kf3 Qxd6 31. Be4+ 1-0

[Event "Djerba Festival Open-B 2025"]
[Site "Djerba"]
[Date "2025.02.18"]
[Round "4.6"]
[White "Ertemi, Ibrahim K"]
[Black "Ktita, Dhafer"]
[Result "1/2-1/2"]
[Annotator "ChessBase"]
[ECO "B22"]
[WhiteElo "1823"]
[BlackElo "1949"]
[PlyCount "164"]
[EventDate "2025.02.15"]
[EventType "swiss"]
[EventCountry "TUN"]
[SourceTitle "playchess.com"]
[Source "ChessBase"]
[SourceQuality "1"]
[TimeControl "5400+30"]

1. e4 c5 2. Nf3 Nc6 3. c3 d5 4. exd5 Qxd5 5. Be2 e5 6. d3 Nf6 7. c4 Qd8 8. Bg5 Be7 9. Nc3 O-O 10. Bxf6 Bxf6 11. O-O Be6 12. h3 Be7 13. Nh2 Qd7 14. Bf3 Nd4 15. Bd5 Bxd5 16. Nxd5 Bd6 17. Nf3 Rae8 18. Ng5 f5 19. Nf3 Nxf3+ 20. Qxf3 e4 21. dxe4 fxe4 22. Qg4 Qxg4 23. hxg4 Be5 24. Rab1 Bd4 25. Rbe1 Re5 26. Re2 b5 27. b3 b4 28. Kh2 Rfe8 29. g3 h5 30. gxh5 Rxh5+ 31. Kg2 Rf5 32. Rh1 g6 33. Rh4 Kg7 34. Rh1 a5 35. Rh4 g5 36. Rh5 Kg6 37. Rh1 Rf3 38. Rf1 Rd3 39. Rfe1 a4 40. bxa4 Ra3 41. Rxe4 Rxe4 42. Rxe4 Rxa2 43. Nxb4 Rxf2+ 44. Kh3 Kf5 45. Rg4 cxb4 46. Rxd4 b3 47. Rd5+ Kf6 48. Rb5 b2 49. a5 Rc2 50. a6 Rxc4 51. Rxb2 Ra4 52. Rb6+ Kf5 53. Rc6 Ra1 54. g4+ Ke4 55. Re6+ Kf3 56. Rf6+ Ke4 57. Kg2 Ra2+ 58. Kf1 Ra1+ 59. Ke2 Ra2+ 60. Kd1 Kd3 61. Ke1 Ke3 62. Kd1 Kd3 63. Kc1 Kc4 64. Kb1 Ra4 65. Kc2 Kb5 66. Rf5+ Kxa6 67. Rxg5 Rd4 68. Kc3 Rd1 69. Kc4 Kb6 70. Rf5 Kc6 71. Rf4 Kd6 72. Rd4+ Rxd4+ 73. Kxd4 Ke6 74. Ke4 Kf6 75. Kf4 Kg6 76. g5 Kg7 77. Kf5 Kf7 78. g6+ Kg8 79. Kf4 Kf8 80. Kg5 Kg7 81. Kh5 Kg8 82. Kh6 Kh8 1/2-1/2

[Event "Djerba Festival Open-B 2025"]
[Site "Djerba"]
[Date "2025.02.18"]
[Round "4.7"]
[White "Nassr, Lina"]
[Black "Azreug, Lazhar"]
[Result "0-1"]
[Annotator "ChessBase"]
[ECO "E61"]
[WhiteElo "1934"]
[BlackElo "1793"]
[PlyCount "96"]
[EventDate "2025.02.15"]
[EventType "swiss"]
[EventCountry "TUN"]
[SourceTitle "playchess.com"]
[Source "ChessBase"]
[SourceQuality "1"]
[TimeControl "5400+30"]

1. d4 Nf6 2. Nf3 g6 3. e3 Bg7 4. c4 c5 5. dxc5 Na6 6. Nc3 Nxc5 7. Be2 O-O 8. O-O d6 9. Nd4 d5 10. Nb3 Nxb3 11. Qxb3 dxc4 12. Bxc4 b6 13. e4 Qc7 14. f3 Qc5+ 15. Kh1 Bb7 16. Be2 Rfd8 17. Qb5 Nd7 18. Bg5 h6 19. Qxc5 Nxc5 20. Bxe7 Rd2 21. Bxc5 bxc5 22. Bc4 Rxb2 23. Rac1 Bc6 24. Rfd1 Rab8 25. Nd5 Kf8 26. Bb3 Bd4 27. h3 Bb5 28. Rc2 Rxc2 29. Bxc2 Bc4 30. Rb1 Rxb1+ 31. Bxb1 Ke8 32. g3 Kd7 33. Kg2 Kc6 34. f4 Kb5 35. Kf3 Ka4 36. Ne3 Bxe3 37. Kxe3 Ka3 38. e5 Kb2 39. Be4 Bxa2 40. g4 c4 41. f5 gxf5 42. gxf5 c3 43. Kd4 a5 44. Kc5 a4 45. Kb4 a3 46. h4 Bb3 47. e6 fxe6 48. f6 e5 0-1

[Event "Djerba Festival Open-B 2025"]
[Site "Djerba"]
[Date "2025.02.18"]
[Round "4.8"]
[White "Gely, Bernard"]
[Black "Chaouech, Oussama"]
[Result "1/2-1/2"]
[Annotator "NA"]
[ECO "D35"]
[WhiteElo "1928"]
[BlackElo "1651"]
[PlyCount "90"]
[EventDate "2025.02.15"]
[EventType "swiss"]
[EventCountry "TUN"]
[SourceTitle "playchess.com"]
[Source "ChessBase"]
[SourceQuality "1"]
[TimeControl "5400+30"]

1. d4 d5 2. c4 e6 3. Nc3 Nf6 4. Bf4 Bd6 5. Bxd6 Qxd6 6. c5 Qe7 7. Nf3 O-O 8. e3 Nc6 9. Be2 b6 10. cxb6 axb6 11. O-O Ba6 12. Rc1 Na5 13. Ne5 Bxe2 14. Qxe2 Rfc8 15. Rc2 Ne8 16. b3 f6 17. Nf3 Nd6 18. Rfc1 Nab7 19. Na4 Qd7 20. h3 Kf7 21. Ne1 Ne4 22. Nd3 b5 23. Nac5 Nexc5 24. Nxc5 Nxc5 25. Rxc5 c6 26. Qc2 f5 27. Rxc6 Rxc6 28. Qxc6 Qxc6 29. Rxc6 Rxa2 30. Rc7+ Kf6 31. Rb7 Ra1+ 32. Kh2 f4 33. exf4 Rd1 34. Rxb5 Rxd4 35. g3 h6 36. Kg2 Kf5 37. Kf3 Rd3+ 38. Ke2 Rc3 39. Rb7 g6 40. Kd2 Rf3 41. Ke2 Rc3 42. Rb4 Rc2+ 43. Ke3 Rc3+ 44. Kd2 Rf3 45. Ke2 Rc3 1/2-1/2

[Event "Djerba Festival Open-B 2025"]
[Site "Djerba"]
[Date "2025.02.18"]
[Round "4.9"]
[White "Cherad, Mohammed"]
[Black "Minde, Baptiste"]
[Result "1-0"]
[Annotator "NA"]
[ECO "C06"]
[WhiteElo "1768"]
[BlackElo "1896"]
[PlyCount "73"]
[EventDate "2025.02.15"]
[EventType "swiss"]
[EventCountry "TUN"]
[SourceTitle "playchess.com"]
[Source "ChessBase"]
[SourceQuality "1"]
[TimeControl "5400+30"]

1. e4 e6 2. d4 d5 3. Nd2 Nf6 4. e5 Nfd7 5. Bd3 c5 6. c3 Nc6 7. Ne2 cxd4 8. cxd4 f6 9. exf6 Nxf6 10. O-O Bd6 11. Nf3 O-O 12. Ng3 Bd7 13. Bg5 Qc7 14. Rc1 Rae8 15. Re1 e5 16. dxe5 Bxe5 17. Qb3 Qd6 18. Bxf6 Bxf6 19. Ne4 Qf4 20. Nxf6+ Qxf6 21. Qxd5+ Be6 22. Rxe6 Rxe6 23. Bc4 Nd8 24. Re1 Kh8 25. Rxe6 Nxe6 26. Qxe6 Qxb2 27. Qe7 Qb1+ 28. Bf1 Rc8 29. Qe6 Rf8 30. h4 h6 31. Ne5 Rf6 32. Qe8+ Kh7 33. h5 Qe1 34. f3 Qa1 35. Ng6 Qd4+ 36. Kh1 Qh4+ 37. Nxh4 1-0